 Dungeon Crawl Stone Soup version 0.25-a0-23-gdc1bd94 (webtiles) character file.

Game seed: 1379008232662269436, levelgen mode: deterministic

12389 Charmandara the Fighter (level 11, -22/117 (119) HPs)
             Began as an Ogre Wizard on Oct 16, 2019.
             Was an Elder of Sif Muna.
             Annihilated by a yaktaur
             ... wielding a +0 great mace of flaming
              (32 damage)
             ... in a volcano.
             The game lasted 01:04:39 (14414 turns).

Charmandara the Fighter (Ogre Wizard)              Turns: 14414, Time: 01:04:39

HP:   -22/117 (119) AC:  5    Str: 13    XL:     11   Next: 92%
MP:   14/24         EV: 10    Int: 22    God:    Sif Muna [****..]
Gold: 557           SH:  0    Dex:  7    Spells: 1/28 levels left

rFire    + . .     SeeInvis .   a - +1 giant club (freeze)
rCold    + . .     Gourm    .   (shield currently unavailable)
rNeg     . . .     Faith    .   c - +0 troll leather armour {regen}
rPois    .         Spirit   .   l - +0 hat
rElec    .         Reflect  .   n - scarf {rC+ rF+}
rCorr    .         Harm     .   (gloves unavailable)
MR       +....                  (boots unavailable)
Stlth    +.........             (no amulet)
HPRegen  0.69/turn              B - +6 ring of slaying
MPRegen  0.19/turn              y - ring of wizardry {Wiz+, !d}

@: no status effects
A: large, unfitting armour, tough skin 1
a: Channel Magic, Forget Spell, Divine Exegesis, Renounce Religion


You were in a volcano.
You worshipped Sif Muna.
Sif Muna was greatly pleased with you.
You were hungry.

You visited 2 branches of the dungeon, and saw 13 of its levels.
You also visited: Sewer, Ossuary and Volcano.

You collected 557 gold pieces.

Inventory:

Hand Weapons
 a - a +1 giant club of freezing (weapon)
   (You took it off an ogre on level 5 of the Dungeon)
 b - a +0 giant spiked club of draining
   (You took it off a two-headed ogre on level 7 of the Dungeon)
 C - a +6 long sword of holy wrath
   (You took it off Blork the orc on level 6 of the Dungeon)
Missiles
 g - 2 curare-tipped darts
 q - 66 arrows
Armour
 c - a +0 troll leather armour (worn) {regen}
   (You found it on level 8 of the Dungeon)
 l - a +0 hat (worn)
 n - a scarf of resistance (worn)
   (You found it on level 5 of the Dungeon)
Jewellery
 y - a ring of wizardry (right hand) {Wiz+, !d}
   (You took it off an orc on level 8 of the Dungeon)
 B - a +6 ring of slaying (left hand)
   (You found it in an ossuary)
 D - an uncursed ring of wizardry {Wiz+, !d}
   (You found it on level 9 of the Dungeon)
Wands
 E - a wand of disintegration (11)
   (You found it on level 9 of the Dungeon)
Scrolls
 f - a scroll of fear
 h - 9 scrolls of remove curse
 i - 4 scrolls of identify
 o - 3 scrolls of teleportation
 w - a scroll of enchant armour
 A - a scroll of blinking {!r}
Potions
 e - 3 potions of brilliance
 j - 9 potions of heal wounds
 m - 2 potions of flight
 r - 7 potions of curing
 v - 3 potions of agility
 z - 2 potions of haste
Comestibles
 d - 18 rations


   Skills:
 - Level 10.6 Fighting
 - Level 6.0 Maces & Flails
 - Level 4.0 Armour
 + Level 5.1 Dodging
 - Level 1.4 Stealth
 - Level 9.0 Spellcasting
 - Level 4.3 Conjurations
 - Level 2.0 Summonings
 - Level 2.1 Translocations
 - Level 2.1 Transmutations
 - Level 5.2 Air Magic
 - Level 8.1 Invocations


You had one spell level left.
You knew the following spells:

 Your Spells              Type           Power        Failure   Level  Hunger
a - Magic Dart            Conj           ####         1%          1    None
b - Blink                 Tloc           N/A          1%          2    None
c - Call Imp              Summ           ###.....     2%          2    None
d - Conjure Flame         Conj/Fire      ###.....     4%          3    None
e - Airstrike             Air            ####......   4%          4    ##.....
f - Swiftness             Chrm/Air       ###.....     1%          2    None
g - Lightning Bolt        Conj/Air       ####......   13%         5    #####..
r - Regeneration          Chrm/Necr      #.........   10%         3    None
s - Sticks to Snakes      Tmut           ###.....     1%          2    None
x - Mephitic Cloud        Conj/Pois/Air  ###.....     2%          3    None

Your spell library contained the following spells:

 Spells                   Type           Power        Failure   Level  Hunger
 Apportation              Tloc           ###...       1%          1    None
 Beastly Appendage        Tmut           ###...       1%          1    None
 Shock                    Conj/Air       ####         1%          1    None
 Corona                   Hex            #......      3%          1    None
 Infusion                 Chrm           #...         3%          1    None
 Static Discharge         Conj/Air       ####....     1%          3    None
 Shroud of Golubria       Chrm/Tloc      ##....       3%          2    None
 Ensorcelled Hibernation  Hex/Ice        #.....       4%          2    None
 Slow                     Hex            #.......     4%          2    None
 Song of Slaying          Chrm           #.......     4%          2    None
 Dazzling Spray           Conj/Hex       ###...       4%          3    None
 Spider Form              Tmut/Pois      ##........   6%          3    None
 Confuse                  Hex            #.......     10%         3    None
 Spectral Weapon          Hex/Chrm       #.......     10%         3    None
 Tukima's Dance           Hex            #.......     10%         3    None
 Ice Form                 Ice/Tmut       ##......     21%         4    ##.....
 Irradiate                Conj/Tmut      ###.......   24%         5    #####..
 Blade Hands              Tmut           ###.......   34%         5    #####..
 Dispersal                Tloc           ###.......   87%         6    ######.
 Poison Arrow             Conj/Pois      ###.......   87%         6    ######.


Dungeon Overview and Level Annotations

Branches:
Dungeon (10/15)            Temple (0/1) D:4            Lair (3/6) D:8
  Sewer (visited)         Ossuary (visited)         Volcano (1/1)
  Swamp: Lair:2-4    Shoals: Lair:2-4     Snake: Lair:2-4    Spider: Lair:2-4
    Orc: D:9-12

Altars:
Cheibriados
Makhleb
Okawaru
Ru
Sif Muna
Uskayaw
Wu Jian
Yredelemnul
Zin

Shops:
D:8 *:

Annotations:
D:7 2 transporters, fearitself's ghost, novice GnSk Volcano exclusion: door


Innate Abilities, Weirdness & Mutations

You are too large for most types of armour.
You have tough skin. (AC +1)


Message History

Unknown command.
Aim: a hell knight, wielding a +0 scimitar of flaming and wearing a +1 chain mail of fire resistance (almost dead)
The ball explodes into a vile cloud!
The stinking cloud engulfs the hell knight but does no damage.
The hell knight is engulfed in noxious fumes.
The hell knight mumbles some strange words.
The hell knight seems to speed up.
You now have 9/24 mp.
Unknown command.
Aim: a hell knight, wielding a +0 scimitar of flaming and wearing a +1 chain mail of fire resistance (noxious fumes, almost dead, fast)
The ball explodes into a vile cloud!
The stinking cloud engulfs the hell knight but does no damage.
The hell knight is engulfed in noxious fumes.
The hell knight appears confused.
Unknown command.
You now have 6/24 mp.
Unknown command.
Unknown command.
The hell knight is engulfed in noxious fumes.
The hell knight appears confused.
You kill the hell knight!
Sif Muna accepts your kill.
Your Dodging skill increases to level 5!
You start resting.
Something unseen opens the door.
You regained 67 hp, and now have 114/117 hp.
MP restored: 24 A yaktaur comes into view.
It is wielding a +2 arbalest of flaming.
The yaktaur shouts!
The yaktaur shoots a bolt.
The bolt barely misses you.
Found two rocky tunnels leading out of this place.
Things that are here:
a +0 scimitar of flaming; a +1 chain mail of fire resistance; a human corpse The yaktaur unwields a +2 arbalest of flaming.
It stops flaming.
The yaktaur wields a +0 great mace of flaming.
It bursts into flame!
The yaktaur hits you with a +0 great mace of flaming!!
The yaktaur burns you.
You take 29 damage, and have 86/117 hp.
MASSIVE DAMAGE!!
Unknown command.
You sock the yaktaur! You freeze the yaktaur.
The yaktaur drinks a potion.
The yaktaur goes berserk!
Unknown command.
Okay, then.
You blink.
You now have 22/24 mp.
Unknown command.
Aim: a yaktaur, wielding a +0 great mace of flaming (moderately wounded, berserk, fast, unusually strong)
The ball explodes into a vile cloud!
The stinking cloud engulfs the yaktaur but does no damage.
The yaktaur is engulfed in noxious fumes.
The yaktaur closely misses you.
Unknown command.
You now have 19/24 mp.
Unknown command.
You blink.
The air gets thick with the scent of sulphur.
You now have 17/24 mp.
Unknown command.
Aim: a yaktaur, wielding a +0 great mace of flaming (moderately wounded, berserk, fast, unusually strong)
The ball explodes into a vile cloud!
The stinking cloud engulfs the yaktaur but does no damage.
The yaktaur is engulfed in noxious fumes.
The yaktaur rages.
Unknown command.
You now have 14/24 mp.
Unknown command.
You thump the yaktaur! You freeze the yaktaur.
The yaktaur is engulfed in noxious fumes.
The yaktaur appears confused.
The yaktaur is engulfed in noxious fumes.
The yaktaur closely misses you.
Unknown command.
Unknown command.
You hit the yaktaur. You freeze the yaktaur.
The volcano roars to life, belching forth lava!
The yaktaur is engulfed in noxious fumes.
The yaktaur rages.
Unknown command.
You bludgeon the yaktaur!! You freeze the yaktaur.
The yaktaur hits you with a +0 great mace of flaming!!!
The yaktaur burns you!
You take 45 damage, and have 46/117 hp.
MASSIVE DAMAGE!!
You catch the helpless yaktaur completely off-guard!
You hit the yaktaur but do no damage.
The yaktaur hits you with a +0 great mace of flaming!!
* * * LOW HITPOINT WARNING * * *
The yaktaur burns you.
* * * LOW HITPOINT WARNING * * *
You take 37 damage, and have 9/117 hp.
MASSIVE DAMAGE!!
Unknown command.
Unknown command.
You blink.
The yaktaur hits you with a +0 great mace of flaming!!
You die...

§≈≈≈§§○≈§§§≈≈≈§§§≈≈≈§§≈≈≈.≈§≈≈
≈§≈§§≈§≈§≈°§≈≈§.§.........§§..
≈§≈≈§§§○≈§°§.§§########+######
.§§§§≈§§§§≈.≈§.# #(#
.§§§§≈§§§§.≈§§.# #.#
§≈≈§§§§°§§≈§§≈.# #.#
≈≈≈§§≈○°§§≈≈≈§.# .#.#
§≈§≈§≈≈.≈§≈§§§§######.#.#
§§≈≈§§○≈≈≈≈≈°§.#@c....#(#
§≈§≈.§°≈≈≈°°°○.###§'###)###
≈§§.≈≈≈○○§≈≈≈≈○#...°#...).#
§§≈≈≈≈≈≈≈≈≈°≈§.#.∩..#.8_8.#..∩
§≈≈≈§≈§§≈°≈≈≈..#....'.)...'....
§§§≈≈§≈§§○≈≈≈≈.################
§≈≈≈≈≈≈§≈≈≈≈§§ ..≈≈≈≈≈§§≈≈§§
...≈§≈≈§≈≈§≈§


You could see a yaktaur (berserk).

Vanquished Creatures
  A centaur warrior (Volcano)
  A two-headed ogre (D:7)
  A hell knight (Volcano)
  Pikel (D:6)
  A rime drake (Lair:2)
  2 komodo dragons (Lair:1)
  A yaktaur (Volcano)
  A troll (D:8)
  Grinder (Sewer)
  2 blink frogs (Lair:1)
  A hornet (D:9)
  7 yaks
  A fire bat (Volcano)
  2 hogs (D:8)
  A human (D:8)
  A basilisk (Lair:1)
  A hungry ghost (D:9)
  2 hell hounds (Lair:3)
  3 orc warriors
  An ice beast (D:5)
  An eye of draining (D:9)
  3 sky beasts
  A phantom (D:8)
  2 ogres
  2 necrophages
  8 wolves
  5 centaurs
  2 crocodiles (Lair:3)
  2 big kobolds
  8 bullfrogs
  A wyvern zombie (D:9)
  A wyvern skeleton (D:9)
  9 scorpions
  5 killer bees
  6 wights
  3 howler monkeys
  3 electric eels (D:8)
  9 crimson imps
  6 centaur zombies
  2 lava snakes (Volcano)
  A quasit (D:9)
  10 hounds
  2 human zombies (Ossuary)
  4 orc priests
  An iguana (D:9)
  2 orc wizards
  A bullfrog skeleton (D:9)
  2 worker ants
  2 big kobold zombies (Sewer)
  A hound zombie (D:7)
  A hound skeleton (D:7)
  3 mummies (Ossuary)
  A worker ant zombie (D:5)
  17 gnolls
  9 adders
  3 howler monkey skeletons
  A river rat (D:4)
  4 shadow imps
  2 ufetubi (Sewer)
  3 oozes
  An adder zombie (D:5)
  An adder skeleton (D:6)
  2 dart slugs
  5 leopard geckos
  15 orcs
  2 bats
  10 giant cockroaches
  A gnoll zombie (Ossuary)
  4 goblins
  6 hobgoblins
  12 jackals
  22 kobolds
  6 quokkas
  4 frilled lizards
  A goblin zombie (Ossuary)
  3 hobgoblin zombies (Ossuary)
  4 kobold zombies (Ossuary)
  A leopard gecko skeleton (D:6)
  A leopard gecko zombie (D:5)
  2 orc zombies (Ossuary)
  2 quokka skeletons
  A quokka zombie (D:8)
  6 rats
293 creatures vanquished.

Vanquished Creatures (collateral kills)
  2 blink frogs (Lair:1)
  A yak (D:9)
  A porcupine (Lair:1)
  A necrophage (D:7)
  An ogre (D:5)
  Blork the orc (D:6)
  3 scorpions (Ossuary)
  3 wights
  2 crimson imps
  2 hounds
  2 orc priests (D:3)
  Terence (D:3)
  An iguana (D:4)
  2 worker ants
  A big kobold zombie (Sewer)
  5 gnolls
  An adder (D:4)
  A shadow imp (Sewer)
  7 orcs
  2 giant cockroaches
  A hobgoblin (D:2)
  4 jackals (D:1)
  7 kobolds
  2 bats (Sewer)
  A gnoll zombie (Ossuary)
  2 orc zombies (Ossuary)
57 creatures vanquished.

Vanquished Creatures (others)
  A slave (D:6)
  3 fungi
  4 plants
8 creatures vanquished.

Grand Total: 358 creatures vanquished

Notes
Turn   | Place    | Note
-------+----------+-------------------------------------------
     0 | D:1      | Charmandara the Ogre Wizard began the quest for the Orb.
     0 | D:1      | Reached XP level 1. HP: 16/16 MP: 5/5
    56 | D:1      | Reached skill level 1 in Conjurations
   175 | D:1      | You fall into a shaft and drop 1 floor!
   175 | D:2      | Noticed a crimson imp
   224 | D:2      | HP: 2/16 [crimson imp (3)]
   515 | D:1      | Reached XP level 2. HP: 24/24 MP: 3/6
   577 | D:1      | Learned a level 2 spell: Blink
   580 | D:1      | Learned a level 2 spell: Call Imp
   623 | D:1      | Reached skill level 2 in Conjurations
   668 | D:1      | Reached skill level 1 in Summonings
   999 | D:1      | Reached XP level 3. HP: 14/31 MP: 5/8
  1288 | D:1      | Reached skill level 2 in Summonings
  1551 | D:2      | Reached skill level 1 in Translocations
  1751 | D:2      | Reached skill level 2 in Translocations
  1751 | D:2      | Reached XP level 4. HP: 39/39 MP: 4/9
  1756 | D:2      | Learned a level 3 spell: Mephitic Cloud
  1855 | D:2      | Found a shimmering blue altar of Sif Muna.
  1873 | D:2      | Found a basalt altar of Yredelemnul.
  1877 | D:2      | Became a worshipper of Sif Muna the Loreminder
  2048 | D:2      | Reached skill level 4 in Spellcasting
  2053 | D:2      | Learned a level 3 spell: Conjure Flame
  2491 | D:3      | Reached skill level 1 in Fighting
  2631 | D:3      | Reached skill level 1 in Air Magic
  2631 | D:3      | Reached XP level 5. HP: 39/48 MP: 8/11
  2829 | D:3      | Noticed Terence
  2862 | D:3      | Killed Terence
  2862 | D:3      | Reached skill level 2 in Fighting
  2862 | D:3      | Reached skill level 2 in Air Magic
  2863 | D:3      | Reached * piety under Sif Muna
  3204 | D:3      | Reached skill level 3 in Fighting
  3341 | D:3      | Found a burning altar of Makhleb.
  3361 | D:3      | Reached XP level 6. HP: 59/61 MP: 9/12
  3385 | D:3      | Reached skill level 4 in Fighting
  3738 | D:4      | Reached skill level 5 in Fighting
  3751 | D:4      | Found a glowing drain.
  3758 | Sewer    | Entered a sewer
  3847 | Sewer    | Reached ** piety under Sif Muna
  3864 | Sewer    | Found an ancient bone altar of Kikubaaqudgha.
  3891 | Sewer    | Reached skill level 6 in Fighting
  4010 | Sewer    | Noticed a necrophage
  4020 | Sewer    | Killed a necrophage
  4020 | Sewer    | Reached XP level 7. HP: 76/76 MP: 7/13
  4048 | Sewer    | Noticed Grinder
  4078 | Sewer    | Killed Grinder
  4078 | Sewer    | Reached skill level 7 in Fighting
  4112 | Sewer    | Reached skill level 8 in Fighting
  4343 | D:4      | Found a snail-covered altar of Cheibriados.
  4585 | D:4      | Found a staircase to the Ecumenical Temple.
  4606 | D:4      | Found an ornate altar of the Wu Jian Council.
  4753 | D:4      | Reached skill level 1 in Invocations
  4997 | D:4      | Reached skill level 2 in Invocations
  5436 | D:5      | Entered Level 5 of the Dungeon
  5469 | D:5      | dragoon: why u never spank me with those feet
  5476 | D:5      | HP: 20/81 [worker ant (1)]
  5485 | D:5      | HP: 13/81 [shadow imp/nerve-wracking pain (6)]
  5743 | D:4      | Charmandara: many reasons dragoon... many reasons
  5743 | D:4      | dragoon: 3;
  5791 | D:5      | Reached skill level 3 in Invocations
  5791 | D:5      | Reached XP level 8. HP: 82/89 MP: 7/14
  6020 | D:5      | Reached skill level 4 in Invocations
  6029 | D:5      | Reached skill level 5 in Invocations
  6302 | D:5      | Reached skill level 2 in Dodging
  6330 | D:5      | Reached *** piety under Sif Muna
  6330 | D:5      | Reached skill level 3 in Air Magic
  6756 | D:6      | Found a hide-covered altar of Uskayaw.
  6759 | D:6      | Reached skill level 5 in Spellcasting
  6770 | D:6      | Noticed Blork the orc
  6771 | D:6      | HP: 21/89 [killer bee (6)]
  6776 | D:6      | Noticed Pikel
  7118 | D:6      | Killed Pikel
  7118 | D:6      | Reached skill level 7 in Spellcasting
  7118 | D:6      | Reached XP level 9. HP: 93/97 MP: 8/20
  7128 | D:6      | Learned a level 4 spell: Airstrike
  7134 | D:6      | Learned a level 5 spell: Lightning Bolt
  7137 | D:6      | Learned a level 2 spell: Sticks to Snakes
  7137 | D:6      | dragoon: SO WATCHA DOINNNNN
  7225 | D:1      | dragoon: bein a lil ogres
  7241 | D:3      | dragoon: thats nice
  7399 | D:6      | Reached skill level 1 in Transmutations
  7407 | D:6      | Killed Blork the orc
  7414 | D:6      | Charmandara: holy shit blork
  7414 | D:6      | Typerbomb: That sword is silly.
  7414 | D:6      | Charmandara: yeah
  7414 | D:6      | Charmandara: wat
  7414 | D:6      | Charmandara: that doesn
  7414 | D:6      | Charmandara: t happen too often
  7591 | D:6      | Charmandara: lol
  7591 | D:6      | Charmandara: fucking ogres
  7598 | D:6      | Got a pair of spiked boots
  7599 | D:6      | Identified the +0 pair of boots of the Vacuum {rC- Int-5
                  | Slay+6 Stlth+} (You found it on level 6 of the Dungeon)
  7600 | D:6      | Typerbomb: Thems boots.
  7600 | D:6      | Charmandara: could've been more disappointing I guess
  7725 | D:6      | Found an iron altar of Okawaru.
  7741 | D:6      | Found a sacrificial altar of Ru.
  8041 | D:6      | Reached skill level 2 in Transmutations
  8074 | D:6      | Charmandara: owait
  8074 | D:6      | Charmandara: that sword
  8074 | D:6      | Charmandara: stupid me
  8164 | D:7      | Charmandara: lol
  8164 | D:7      | Charmandara: saw the text
  8164 | D:7      | Charmandara: did not look at map
  8182 | D:7      | Found a sand-covered staircase.
  8190 | Ossuary  | Entered an ossuary
  8228 | Ossuary  | Typerbomb: Nu forget silly sword this time!
  8247 | Ossuary  | Reached skill level 3 in Conjurations
  8313 | Ossuary  | Reached skill level 4 in Conjurations
  8772 | Ossuary  | Charmandara: i like the new grinder sewer
  8800 | Ossuary  | Typerbomb: Grinder can spawn in the sewer now?
  8802 | Ossuary  | Charmandara: apparently
  8802 | Ossuary  | dragoon: i like that grindr app
  8802 | Ossuary  | Charmandara: i got a cool demonic sewer
  8802 | Ossuary  | Typerbomb: :< I come back from a few years break, and this is what happens.>
                  | ERROR: string above had unterminated tag
  8803 | Ossuary  | HP: 20/96 [scorpion (10)]
  8812 | Ossuary  | Reached **** piety under Sif Muna
  8903 | Ossuary  | HP: 24/97 [poisoned by a scorpion]
  8909 | Ossuary  | HP: 21/97 [poisoned by a scorpion]
  8916 | Ossuary  | HP: 20/97 [poisoned by a scorpion]
  8923 | Ossuary  | HP: 20/97 [poisoned by a scorpion]
  8931 | Ossuary  | HP: 20/97 [poisoned by a scorpion]
  9228 | Ossuary  | Typerbomb: This scorpion is a rude boy.
  9231 | Ossuary  | Charmandara: scorpions are such a weird part of the
                  | difficulty curve
  9262 | Ossuary  | Reached skill level 4 in Air Magic
  9332 | Ossuary  | dragoon: u can walk them thru the traps
  9332 | Ossuary  | Charmandara: ooh early brand weapon
  9332 | Ossuary  | Charmandara: giant club right?
  9332 | Ossuary  | Typerbomb: Can you even attempt to swing a giant club?
  9332 | Ossuary  | Charmandara: like how does one not wield a giant club as an
                  | ogre
  9332 | Ossuary  | Charmandara: not at the moment
  9332 | Ossuary  | Charmandara: but i could start
  9332 | Ossuary  | Charmandara: regular giant club isn't the worst
  9332 | Ossuary  | Typerbomb: You could use it on something else, to help get
                  | you to giant club status.
  9332 | Ossuary  | Typerbomb: What else you would use, I dunno!
  9332 | Ossuary  | Charmandara: i guess but branded mid tier maces are a dime
                  | a dozen
  9332 | Ossuary  | Charmandara: i see them as almost inevitable drops
  9332 | Ossuary  | Typerbomb: Your the expert!
  9332 | Ossuary  | Charmandara: whereas the branded giant club is uncommon
  9332 | Ossuary  | Charmandara: idk
  9332 | Ossuary  | Charmandara: looking for a 2nd opinion
  9401 | D:7      | Typerbomb: As the local noob, I find things that get you
                  | through the early game are worth, because everything will
                  | drop eventually, though that might be a bad perspective.
  9405 | D:7      | Charmandara: giant clubs with any kinda buff on them are
                  | pretty situational
  9409 | D:7      | Charmandara: especially because only 2 races can wield them
  9409 | D:7      | Charmandara: it doesn't make sense for them to spawn as
                  | often
  9424 | D:7      | dragoon: wut
  9424 | D:7      | Charmandara: like how often do you get branded clubs in
                  | your runs dragoon?
  9424 | D:7      | Charmandara: yeah they happen
  9424 | D:7      | Charmandara: but compared to a flail
  9430 | D:7      | Found a transporter.
  9430 | D:7      | Noticed fearitself's ghost (novice GnSk)
  9432 | D:7      | Found a transporter.
  9667 | D:7      | Charmandara: holy shit
  9667 | D:7      | Charmandara: nice ring
  9678 | D:7      | Reached skill level 5 in Air Magic
  9861 | D:7      | dragoon: id only use the spiked one
  9869 | D:7      | dragoon: why waste scrolls on a normal one when i could use
                  | them on a spiked one
  9869 | D:7      | dragoon: and they changed ogre apt so u can just use w/e
                  | these days anyway
  9869 | D:7      | Charmandara: because of the 8 fewer levels in M&F for min
                  | delay
  9869 | D:7      | Charmandara: while still having what, the 2nd highest base
                  | weapon damage?
  9869 | D:7      | Charmandara: behind GSC?
  9869 | D:7      | dragoon: min delay overrated
  9869 | D:7      | Charmandara: agree, but >1 delay not
  9869 | D:7      | Charmandara: like
  9869 | D:7      | Charmandara: once I get to 1 aut i stop sweating
  9869 | D:7      | dragoon: U BELiEVE WAT U WANT BRAH
  9869 | D:7      | Noticed a two-headed ogre
  9870 | D:7      | dragoon: giant club smells like ass
  9870 | D:7      | Charmandara: brb smoke, also drag yr a better player than
                  | me so you tell me
  9870 | D:7      | dragoon: its like usin a glaive instead of a bardiche
  9870 | D:7      | dragoon: sure u can win the game with it
  9870 | D:7      | dragoon: but its a glaive
  9870 | D:7      | dragoon: my gf keepsmovin my ashtray
  9870 | D:7      | Charmandara: baq
  9887 | D:7      | Reached skill level 1 in Maces & Flails
  9891 | D:7      | Killed a two-headed ogre
  9891 | D:7      | Reached skill level 3 in Maces & Flails
  9891 | D:7      | Reached XP level 10. HP: 69/105 MP: 5/21
  9894 | D:7      | Reached skill level 4 in Maces & Flails
  9924 | D:7      | Charmandara: god slaying
  9924 | D:7      | Charmandara: wtf
  9962 | D:7      | You fall into a shaft and drop 2 floors!
 10089 | D:8      | Found Ibo Cygg's Book Boutique.
 10105 | D:8      | dragoon: now with slayin ur min delay might be a lil better
 10110 | D:8      | Charmandara: lol
 10113 | D:8      | dragoon: but how often u find a plus 6 ring
 10296 | D:8      | Found Zin's Purification Station.
 10306 | D:8      | Found a glowing silver altar of Zin.
 10334 | D:8      | Reached skill level 5 in Maces & Flails
 10473 | D:8      | Reached skill level 6 in Invocations
 10491 | D:8      | Reached skill level 7 in Invocations
 10516 | D:8      | Reached ***** piety under Sif Muna
 10866 | D:8      | Found a staircase to the Lair.
 10898 | D:8      | Reached skill level 8 in Invocations
 10915 | D:8      | Identified Sif Muna's Tome of Warped Confrontation (Sif
                  | Muna gifted it to you on level 8 of the Dungeon)
 10915 | D:8      | Received a gift from Sif Muna
 11091 | D:8      | Reached skill level 8 in Spellcasting
 11118 | D:8      | Learned a level 2 spell: Swiftness
 11122 | D:8      | Learned a level 3 spell: Regeneration
 11673 | D:7      | Reached skill level 9 in Spellcasting
 11942 | D:9      | Reached XP level 11. HP: 113/113 MP: 20/24
 11964 | D:9      | Reached skill level 3 in Dodging
 11993 | D:9      | Reached skill level 1 in Armour
 12132 | D:9      | Reached skill level 2 in Armour
 12370 | D:9      | Reached skill level 3 in Armour
 12391 | D:9      | Reached skill level 4 in Armour
 12905 | D:9      | Learned a level 5 spell: Lightning Bolt
 13063 | D:10     | Entered Level 10 of the Dungeon
 13147 | Lair:1   | Entered Level 1 of the Lair of Beasts
 13170 | Lair:1   | Reached skill level 9 in Fighting
 13475 | D:7      | Charmandara: hello 2nd brand weapon
 13761 | Lair:1   | Reached skill level 10 in Fighting
 13820 | Lair:1   | Got a pair of bloodstained boots
 13821 | Lair:1   | Identified the cursed -2 pair of boots of Leaves {rF+
                  | Regen+} (You found it on level 1 of the Lair of Beasts)
 14036 | Lair:2   | You fall into a shaft and drop 1 floor!
 14139 | Lair:3   | Found a dark tunnel.
 14183 | Volcano  | Entered a volcano
 14224 | Volcano  | Reached skill level 6 in Maces & Flails
 14274 | Volcano  | Found a radiant altar of Vehumet.
 14274 | Volcano  | Noticed a centaur warrior
 14277 | Volcano  | Noticed a hell knight
 14283 | Volcano  | Killed a centaur warrior
 14283 | Volcano  | Reached skill level 4 in Dodging
 14303 | Volcano  | Killed a hell knight
 14303 | Volcano  | Reached skill level 5 in Dodging
 14413 | Volcano  | HP: 13/117 [yaktaur/+0 great mace of flaming (34)]
 14414 | Volcano  | Annihilated by a yaktaur

Levels and vault maps discovered:
D:1:      dpeg_arrival_lava_temple_mockup, layout_basic
D:2:      kennysheep_big_flooded_room, layout_basic, grunt_temple_overflow_open
D:3:      layout_loops_ring, makhleb_grotto_becter, uniq_terence
D:4:      layout_loops_corners, overflow_temple_1_default, lemuel_doored_altar,
          minmay_temple_entry_statues_pillars, gup_sewer_entry_spiral
D:5:      layout_loops_cross, first_ration
D:6:      layout_basic, nicolae_overflow_hidden_temple,
          eat_drink_and_be_merry_uskayaw, okawaru_metal_pillars_1_2,
          uniq_blork_the_orc, uniq_pikel
D:7:      layout_loops_ring, gammafunk_ghost_mausoleum,
          nicolae_ossuary_entry_plus
D:8:      layout_loops_cross, zin_purify, erik_lair_island, serial_shops, shop,
          grunt_livestock, kennysheep_generic_room_8
D:9:      layout_gridville
D:10:     layout_roguey
Lair:1:   layout_regular_city, grunt_megastairs_2, serial_bayou_shore_a
Lair:2:   layout_regular_city, skrybe_swamp_entry_bodies, st_stairs_13,
          grunt_megastairs_3
Lair:3:   dragon1_lemuel, layout_loops_ring, minmay_snake_entry_six_corridors,
          enter_volcano_3, grunt_megastairs_1, lemuel_fruit_tree
Volcano:  volcano_lake [vl_original]

Skill      XL: |  1  2  3  4  5  6  7  8  9 10 11 |
---------------+----------------------------------+-----
Conjurations   | 1 2 4 |  4.3
Summonings     | 1 2 |  2.0
Translocations | 2 |  2.1
Spellcasting   | 4 7 9 |  9.0
Fighting       | 1 3 6 8 10 | 10.6
Air Magic      | 1 2 3 5 |  5.2
Invocations    | 3 5 8 |  8.1
Dodging        | 2 5 |  5.1
Transmutations | 2 |  2.1
Maces & Flails | 3 5 6 |  6.0
Armour         | 4 |  4.0
Stealth        | |  1.4

Action                   |  1- 3 |  4- 6 |  7- 9 | 10-12 || total
-------------------------+-------+-------+-------+-------++-------
Melee: Spear             |    92 |   149 |       |       ||   241
       Halberd           |       |    91 |   268 |       ||   359
       Long sword        |       |       |    56 |     7 ||    63
       Giant club        |       |       |     4 |   231 ||   235
 Cast: Magic Dart        |    33 |    25 |    19 |    26 ||   103
       Call Imp          |     8 |    28 |    97 |    18 ||   151
       Blink             |     1 |     2 |    25 |    10 ||    38
       Mephitic Cloud    |       |     4 |    10 |    37 ||    51
       Conjure Flame     |       |     1 |     2 |     2 ||     5
       Sticks to Snakes  |       |       |     7 |    12 ||    19
       Airstrike         |       |       |       |     8 ||     8
       Regeneration      |       |       |       |     2 ||     2
Invok: Channel Magic     |       |       |     1 |     1 ||     2
Evoke: Wand              |       |       |    23 |    18 ||    41
  Use: Scroll            |       |     9 |    13 |     5 ||    27
       Potion            |       |     3 |     9 |       ||    12
 Stab: Sleeping          |       |     3 |       |       ||     3
       Distracted        |       |     1 |     2 |       ||     3
       Confused          |       |     1 |     2 |    10 ||    13
  Eat: Chunk             |     2 |    10 |     7 |    14 ||    33
       Ration            |       |       |     4 |     1 ||     5
Armor: Robe              |    35 |    59 |    75 |    16 ||   185
       Skin              |       |    27 |       |       ||    27
       Troll leather arm |       |       |       |    38 ||    38
Dodge: Dodged            |    37 |   120 |   182 |   114 ||   453
       Rpst.: Long sword |       |       |    10 |     2 ||    12

Table legend:
 A = Non-vault XP
 B = Vault XP
 C = Vault XP percentage of total XP
 D = Non-vault monster count
 E = Vault monster count
 F = Vault count percentage of total count
                 A         B        C        D         E       F
            +---------+---------+-------+---------+---------+-------
      Total |   10349 |    7350 |  41.5 |     244 |     106 |  30.3
            +---------+---------+-------+---------+---------+-------
        D:1 |      39 |       0 |   0.0 |      23 |       0 |   0.0
        D:2 |      88 |       3 |   3.3 |      15 |       2 |  11.8
        D:3 |     184 |      57 |  23.7 |      29 |       2 |   6.5
        D:4 |     181 |      23 |  11.3 |      16 |       6 |  27.3
        D:5 |     898 |       0 |   0.0 |      30 |       0 |   0.0
        D:6 |     559 |     643 |  53.5 |      16 |       2 |  11.1
        D:7 |    1639 |       0 |   0.0 |      26 |       0 |   0.0
        D:8 |    1520 |    1726 |  53.2 |      43 |      14 |  24.6
        D:9 |    2889 |       0 |   0.0 |      31 |       0 |   0.0
     Lair:1 |    1677 |     189 |  10.1 |       8 |       1 |  11.1
     Lair:2 |       0 |     470 | 100.0 |       0 |       2 | 100.0
     Lair:3 |     675 |     377 |  35.8 |       7 |       3 |  30.0
      Sewer |       0 |     538 | 100.0 |       0 |      33 | 100.0
    Ossuary |       0 |     894 | 100.0 |       0 |      33 | 100.0
    Volcano |       0 |    2430 | 100.0 |       0 |       8 | 100.0
            +---------+---------+-------+---------+---------+-------

Levels and vault maps discovered:
D:1:      dpeg_arrival_lava_temple_mockup, layout_basic
D:2:      kennysheep_big_flooded_room, layout_basic, grunt_temple_overflow_open
D:3:      layout_loops_ring, makhleb_grotto_becter, uniq_terence
D:4:      layout_loops_corners, overflow_temple_1_default, lemuel_doored_altar,
          minmay_temple_entry_statues_pillars, gup_sewer_entry_spiral
D:5:      layout_loops_cross, first_ration
D:6:      layout_basic, nicolae_overflow_hidden_temple,
          eat_drink_and_be_merry_uskayaw, okawaru_metal_pillars_1_2,
          uniq_blork_the_orc, uniq_pikel
D:7:      layout_loops_ring, gammafunk_ghost_mausoleum,
          nicolae_ossuary_entry_plus
D:8:      layout_loops_cross, zin_purify, erik_lair_island, serial_shops, shop,
          grunt_livestock, kennysheep_generic_room_8
D:9:      layout_gridville
D:10:     layout_roguey
Lair:1:   layout_regular_city, grunt_megastairs_2, serial_bayou_shore_a
Lair:2:   layout_regular_city, skrybe_swamp_entry_bodies, st_stairs_13,
          grunt_megastairs_3
Lair:3:   dragon1_lemuel, layout_loops_ring, minmay_snake_entry_six_corridors,
          enter_volcano_3, grunt_megastairs_1, lemuel_fruit_tree
Volcano:  volcano_lake [vl_original]

Table legend:
 A = Turns spent in this place as a percentage of turns spent in the entire game.
 B = Non-inter-level travel turns spent in this place as a percentage of non-inter-level travel turns spent in the entire game.
 C = Inter-level travel turns spent in this place as a percentage of turns spent in this place.
 D = Turns resting spent in this place as a percentage of non-inter-level travel turns spent in this place.
 E = Turns spent auto-exploring this place as a percentage of non-inter-level travel turns spent in this place.
 F = Non-inter-level travel turns spent in this place divided by the number of levels of this place that you've seen.
                   A       B       C       D       E      F
               +-------+-------+-------+-------+-------+----------------------
         Total | 100.0 | 100.0 |   5.0 |  33.4 |  42.0 | 855.6
       Dungeon |  79.9 |  79.2 |   5.8 |  31.1 |  46.3 | 1084.4
          Lair |   6.4 |   6.4 |   5.7 |  14.3 |  59.8 | 291.0
         Sewer |   3.7 |   3.9 |   0.0 |  26.7 |  30.6 | 539.0
       Ossuary |   8.3 |   8.8 |   0.0 |  66.0 |   3.5 | 1202.0
       Volcano |   1.6 |   1.7 |   0.0 |  56.3 |   0.0 | 231.0
               +-------+-------+-------+-------+-------+----------------------

Table legend:
 A = Kills in this place as a percentage of kills in entire the game.
 B = Kills by you in this place as a percentage of kills by you in the entire game.
 C = Kills by friends in this place as a percentage of kills by friends in the entire game.
 D = Other kills in this place as a percentage of other kills in the entire game.
 E = Experience gained in this place as a percentage of experience gained in the entire game.
 F = Experience gained in this place divided by the number of levels of this place that you have seen.
                   A       B       C       D       E      F
               +-------+-------+-------+-------+-------+----------------------
         Total | 100.0 | 100.0 | 100.0 | 100.0 | 100.0 | 1106.2
       Dungeon |  72.9 |  73.6 |  64.9 |  87.5 |  59.0 | 1044.9
          Lair |   6.0 |   6.5 |   5.3 |   0.0 |  19.1 | 1129.3
         Sewer |   9.4 |   7.9 |  19.3 |   0.0 |   3.0 | 538.0
       Ossuary |   9.4 |   9.7 |  10.5 |   0.0 |   5.1 | 894.0
       Volcano |   2.3 |   2.2 |   0.0 |  12.5 |  13.7 | 2430.0
               +-------+-------+-------+-------+-------+----------------------
